 Dungeon Crawl Stone Soup version 0.25.1-1-g288607f (webtiles) character file.

Game seed: 15683251025969510419

1085 bonscott the Sneak (level 8, 0/48 HPs)
             Began as a Vampire Assassin on Sept 21, 2020.
             Was a Follower of Makhleb.
             Slain by Prince Ribbit (11 damage)
             ... on level 6 of the Dungeon.
             The game lasted 00:26:32 (6767 turns).

bonscott the Sneak (Vampire Assassin)               Turns: 6767, Time: 00:26:33

Health: 0/48       AC: 10    Str: 12    XL:     8   Next: 9%
Magic:  8/8        EV: 10    Int: 20    God:    Makhleb [*.....]
Gold:   262        SH:  0    Dex: 15    Spells: 7/7 levels left

rFire    . . .     SeeInvis +   a - +4 dagger
rCold    + + .     Gourm    .   (no shield)
rNeg     + + +     Faith    .   n - +0 ring mail
rPois    ∞         Spirit   .   (no helmet)
rElec    .         Reflect  .   c - +1 cloak
rCorr    .         Harm     .   f - +1 pair of gloves
MR       .....                  (no boots)
Stlth    +++++.....             (no amulet)
HPRegen  0.00/turn              K - +6 ring of intelligence
MPRegen  0.11/turn              J - ring of wizardry

@: bloodless
A: no food, fangs 3, see invisible, unbreathing
a: Bat Form, Revivify, Renounce Religion


You were on level 6 of the Dungeon.
You worshipped Makhleb.
Makhleb was aware of your devotion.
You were bloodless.

You visited 2 branches of the dungeon, and saw 8 of its levels.

You collected 262 gold pieces.

Inventory:

Hand Weapons
 a - a +4 dagger (weapon)
 w - a +0 falchion
 y - a +2 flail of draining
 I - a +0 scimitar
Missiles
 d - 4 poisoned darts (quivered)
 i - 53 bolts
 r - 21 sling bullets
 t - 88 arrows
 x - 3 boomerangs
 F - 214 stones
Armour
 c - a +1 cloak (worn)
 f - a +1 pair of gloves (worn)
 g - a +0 plate armour
 n - a +0 ring mail (worn)
Jewellery
 J - a ring of wizardry (right hand)
 K - a +6 ring of intelligence (left hand)
Wands
 M - a wand of random effects (9)
 N - a wand of acid (9)
Scrolls
 h - a scroll of teleportation {unknown}
 j - a scroll of identify
 k - a scroll of random uselessness {unknown}
 l - a scroll of fog
 o - 3 scrolls of remove curse
 u - a scroll of magic mapping
 z - a scroll of noise {unknown}
 A - a scroll of blinking {unknown}
 D - a scroll of brand weapon {unknown}
 G - a scroll of enchant weapon {unknown}
 O - a scroll of amnesia {unknown}
Potions
 b - a potion of mutation {unknown}
 m - 3 potions of magic
 p - 2 potions of ambrosia
 q - a potion of might
 v - 3 potions of curing
 B - 2 potions of flight {unknown}
 C - 3 potions of heal wounds
 E - a potion of brilliance {unknown}
 H - a potion of resistance {unknown}
 L - a potion of lignification {unknown}


   Skills:
 + Level 4.6 Fighting
 - Level 2.1 Short Blades
 + Level 4.0 Throwing
 + Level 3.8 Armour
 - Level 1.1 Dodging
 - Level 5.8 Stealth
 + Level 5.0 Unarmed Combat


You had 7 spell levels left.
You didn't know any spells.
Your spell library contained the following spells:

 Spells                   Type           Power        Failure   Level  Hunger
 Sting                    Tmut/Pois      #...         16%         1    N/A
 Poisonous Vapours        Pois/Air       #.....       24%         2    N/A
 Ignite Poison            Fire/Tmut/Pois #.......     43%         3    N/A
 Mephitic Cloud           Conj/Pois/Air  #.......     43%         3    N/A
 Olgreb's Toxic Radiance  Pois           #.......     82%         4    N/A

Dungeon Overview and Level Annotations

Branches:
Dungeon (7/15)             Temple (1/1) D:4

Altars:
Ashenzari
Cheibriados
Dithmenos
Fedhas
Hepliaklqana
Kikubaaqudgha
Makhleb
Qazlal
Ru
Sif Muna
Trog
Uskayaw
Vehumet
Wu Jian
Xom
Yredelemnul
Zin
The Shining One

Shops:
D:6 %

Annotations:
D:6 Prince Ribbit


Innate Abilities, Weirdness & Mutations

You do not eat.
You do not regenerate when monsters are visible.
You are frail without blood (-20% HP).
You can heal yourself when you bite living creatures.
You are immune to poison.
You have razor-sharp teeth.
You have supernaturally acute eyesight. (SInv)
You can survive without breathing.


Message History

* * * LOW HITPOINT WARNING * * *
Prince Ribbit hits you.
* * * LOW HITPOINT WARNING * * *
The gnoll hits you but does no damage.
You feel much better. Prince Ribbit hits you! The gnoll completely misses you.
You hit the gnoll. You bite the gnoll, but do no damage.
The gnoll is severely wounded.
Prince Ribbit barely misses you.
You hit the gnoll. You bite the gnoll, but do no damage.
The gnoll is almost dead.
Prince Ribbit closely misses you. The gnoll barely misses you.
You barely miss the gnoll.
The gnoll is almost dead.
Prince Ribbit hits you.
* * * LOW HITPOINT WARNING * * *
The gnoll hits you.
* * * LOW HITPOINT WARNING * * *
Prince Ribbit catches a fly with his tongue.
Prince Ribbit hits you!
You die...

...###)#.#..###.# ##..# #.# ###.
...# #..#...∩##.####...# #.## #.
..♣###.##..........#.#.# #..# #.
≈..##.####......##.#.#.# ##.# #.
≈≈.###.###..######.#.#.# #.# #.
♣≈.####.#...# #...#.# #.# #.
≈P..........# ###.#.####.####.
≈...####.#.#########.#...........
..P.#....#.....g@F.....(###.####.
.P###.####.#########.##.....# #.
P## #.# #.# #.######.# #. .# #.#
#.# #.######.####. ## #.# #.#
#.............
#####.####.#########........#####
.....................######.#
#.########...........# #.#####
..# ############# #......


You could see Prince Ribbit and a gnoll.

Vanquished Creatures
  An ice beast (D:7)
  An ogre (D:4)
  2 bullfrogs
  2 scorpions
  A centaur zombie (D:6)
  A crimson imp (D:5)
  A bullfrog skeleton (D:4)
  3 orc wizards
  5 iguanas
  4 worker ants
  A gnoll (D:6)
  6 adders
  4 river rats (D:5)
  2 shadow imps
  2 oozes
  7 worms
  A dart slug (D:2)
  4 leopard geckos
  19 orcs
  3 giant cockroaches
  5 goblins
  8 hobgoblins
  3 jackals (D:6)
  2 quokkas (D:3)
  2 ball pythons (D:2)
  16 bats
  5 frilled lizards (D:1)
  A jackal zombie (D:5)
  7 kobolds
  A leopard gecko skeleton (D:4)
  9 rats
129 creatures vanquished.

Vanquished Creatures (others)
  A hound (D:5)
1 creature vanquished.

Grand Total: 130 creatures vanquished

Notes
Turn   | Place    | Note
-------+----------+-------------------------------------------
     0 | D:1      | bonscott the Vampire Assassin began the quest for the Orb.
     0 | D:1      | Reached XP level 1. HP: 16/16 MP: 1/1
    94 | D:1      | You fall into a shaft and drop 1 floor!
   179 | D:1      | Reached XP level 2. HP: 22/22 MP: 2/2
   265 | D:1      | Reached skill level 1 in Unarmed Combat
   587 | D:2      | Reached skill level 1 in Armour
   739 | D:2      | Reached XP level 3. HP: 25/28 MP: 3/3
  1726 | D:3      | Reached XP level 4. HP: 27/27 MP: 4/4
  1748 | D:3      | Found a shadowy altar of Dithmenos.
  2296 | D:3      | Reached XP level 5. HP: 32/32 MP: 5/5
  2345 | D:3      | Found a shattered altar of Ashenzari.
  2619 | D:4      | Noticed an ogre
  2637 | D:4      | Killed an ogre
  2637 | D:4      | Reached XP level 6. HP: 37/37 MP: 6/6
  2855 | D:4      | Found a staircase to the Ecumenical Temple.
  2864 | Temple   | Entered the Ecumenical Temple
  2909 | Temple   | Became a worshipper of Makhleb the Destroyer
  3271 | D:5      | Entered Level 5 of the Dungeon
  4274 | D:5      | Reached XP level 7. HP: 17/42 MP: 7/7
  4279 | D:5      | Reached * piety under Makhleb
  5039 | D:6      | Found a snail-covered altar of Cheibriados.
  5342 | D:6      | Found Waoqis's Food Shop.
  6390 | D:7      | Noticed Prince Ribbit
  6631 | D:7      | Reached XP level 8. HP: 48/48 MP: 8/8
  6642 | D:6      | Reached skill level 5 in Unarmed Combat
  6767 | D:6      | Slain by Prince Ribbit

Illustrated notes

Levels and vault maps discovered:
D:1:      heliophobic_arrival_battle_scene, layout_basic
D:2:      layout_loops_ring, first_ration
D:3:      minmay_angry_zag, layout_loops_ring, marbit_many_paths, st_stairs_10,
          nicolae_dithmenos_through_a_glass_darkly
D:4:      layout_basic, minmay_temple_entry_nine_rooms
D:5:      layout_rooms, lightli_sewer_entry_pipes, minivault_24
D:6:      layout_loops_ring, serial_shops, shop, serial_bayou,
          serial_bayou_lake_a, serial_bayou_pond_e, serial_bayou_pond_a,
          serial_bayou_pond_c, cheibriados_altar_1
D:7:      layout_rooms, uniq_prince_ribbit1, uniq_pikel
Temple:   compressed_dpeg_triangle_lava_temple

Skill      XL: |  1  2  3  4  5  6  7  8 |
---------------+-------------------------+-----
Fighting       | 2 3 4 |  4.6
Unarmed Combat | 1 2 3 4 5 |  5.0
Armour         | 1 2 3 |  3.8
Throwing       | 2 3 4 |  4.0
Short Blades   | |  2.1
Dodging        | |  1.1
Stealth        | |  5.8

Action                   |  1- 3 |  4- 6 |  7- 9 || total
-------------------------+-------+-------+-------++-------
Melee: Dagger            |   122 |   194 |   105 ||   421
       Bite              |     6 |    13 |    16 ||    35
       Punch             |     2 |     3 |     4 ||     9
Throw: Dart              |    20 |    29 |    19 ||    68
       Stone             |     5 |    25 |    14 ||    44
       Boomerang         |       |    15 |       ||    15
 Abil: Exsanguinate      |     1 |       |       ||     1
Evoke: Wand              |       |       |     1 ||     1
  Use: Scroll            |     5 |     4 |     2 ||    11
       Potion            |       |       |     2 ||     2
 Stab: Sleeping          |    11 |    11 |     7 ||    29
Armor: Robe              |    34 |       |       ||    34
       Ring mail         |    15 |    49 |    45 ||   109
Dodge: Dodged            |    85 |    77 |    45 ||   207
